 Dungeon Crawl Stone Soup version 0.28-a0-1395-g4f6bc678fa (webtiles) character file.

Game seed: 13329920428547867250

1016 gimp the Firebug (level 8, -1/36 HPs)
             Began as a Vine Stalker Wanderer on Jan 4, 2022.
             Was an Initiate of Gozag.
             Slain by a gnoll (4 damage)
             ... on level 5 of the Dungeon.
             The game lasted 00:10:28 (5467 turns).

gimp the Firebug (Vine Stalker Wanderer)            Turns: 5467, Time: 00:10:29

Health: -1/36      AC:  8    Str: 15    XL:     8   Next: 21%
Magic:  0/14       EV: 11    Int: 22    God:    Gozag
Gold:   441        SH:  0    Dex: 12    Spells: 7/14 levels left

rFire   . . .      SeeInvis .   a - +1 dagger (venom)
rCold   . . .      Faith    .   (no shield)
rNeg    . . .      Spirit   +   o - +2 robe
rPois   .          Reflect  .   (no helmet)
rElec   .          Harm     .   k - +2 cloak {Stlth+}
rCorr   .          Rampage  .   i - +0 pair of gloves
Will    +....                   (no boots)
Stlth   ++........              c - amulet of regeneration
HPRegen 1.72/turn               g - +6 ring of intelligence
MPRegen 0.14/turn               (no ring)

@: no status effects
A: fangs 3, regeneration 1, magic shield, antimagic bite, no potion heal 2
a: Renounce Religion, Potion Petition, Call Merchant, Bribe Branch


You were on level 5 of the Dungeon.
You worshipped Gozag.
Gozag was aware of your devotion.
You visited 1 branch of the dungeon, and saw 5 of its levels.

You collected 494 gold pieces.
You paid 53 gold pieces to Gozag.

Inventory:

Hand Weapons
 a - a +1 dagger of venom (weapon)
Missiles
 q - 10 poisoned darts
Armour
 d - a +0 kite shield
 i - a +0 pair of gloves (worn)
 k - a +2 cloak of stealth (worn)
 o - a +2 robe (worn)
Jewellery
 c - an amulet of regeneration (around neck)
 g - a +6 ring of intelligence (left hand)
 w - a +6 ring of dexterity
Wands
 j - a wand of digging (8)
Scrolls
 h - a scroll of fear {unknown}
 m - a scroll of noise
 n - a scroll of identify
 p - a scroll of teleportation {unknown}
 r - a scroll of brand weapon
 v - a scroll of summoning {unknown}
Potions
 e - a potion of brilliance
 l - 2 potions of curing
 s - a potion of mutation {unknown}
 t - a potion of magic {unknown}
 u - a potion of haste {unknown}


   Skills:
 - Level 4.0 Armour
 - Level 1.0 Dodging
 + Level 3.9 Spellcasting
 * Level 5.3 Conjurations
 - Level 2.0 Transmutations
 * Level 5.9 Fire Magic


You had 7 spell levels left.
You knew the following spells:

 Your Spells              Type           Power      Damage    Failure   Level
a - Foxfire               Conj/Fire      100%       2x1d9     1%          1
b - Scorch                Fire           60%        2d8       1%          2
c - Magic Dart            Conj           100%       1d8       1%          1
d - Mephitic Cloud        Conj/Pois/Air  12%        N/A       16%         3

Your spell library contained the following spells:

 Spells                   Type           Power      Damage    Failure   Level
 Wereblood                Tmut           13%        N/A       8%          2
 Flame Wave               Conj/Fire      29%        2d6       11%         4
 Passwall                 Tmut/Erth      6%         N/A       12%         2
 Blink                    Tloc           8%         N/A       17%         2
 Call Imp                 Summ           4%         N/A       17%         2
 Manifold Assault         Tloc           4%         N/A       97%         5
 Storm Form               Tmut/Air       4%         N/A       100%        7


Dungeon Overview and Level Annotations

Branches:
Dungeon (5/15)
 Temple: D:4-7

Altars:
Ashenzari
Gozag
Nemelex Xobeh

Shops:
D:2 [

Annotations:
D:4 3 runed translucent doors, Clumpoid's ghost, amateur VSFi


Innate Abilities, Weirdness & Mutations

You have razor-sharp teeth.
Your natural rate of healing is unusually fast.
When hurt, damage is shared between your health and your magic reserves.
Your bite disrupts and absorbs the magic of your enemies.
Potions cannot restore your health.


Message History

Found a bronze ring.
You regained 2 hp, and now have 34/36 hp.
Health restored: 36 You see here a +6 ring of dexterity.
w - a +6 ring of dexterity A gnoll and a gnoll shaman come into view.
The gnoll shaman is wielding a +1 whip of venom.
Found a shiny helmet.
Found a hunting sling.
Found a stone staircase leading up.
The gnoll shaman shouts!
The gnoll shouts!
You hear a shout!
A gnoll comes into view. It is wielding a +0 flail.
The gnoll shaman calls upon its god to speed up the gnoll.
The gnoll seems to speed up.
A gnoll comes into view. It is wielding a +0 club.
As you read the scroll labelled ISYACVYA ONESAYPN, it crumbles to dust.
You hear a loud clanging noise!
It was a scroll of noise.
You hear a shout!
The gnoll hits you from afar with a +0 halberd!
You take 7 damage, and have 29/36 hp.
You now have 4/14 mp.
As you read the scroll labelled NIPREI QUAHYCW, it crumbles to dust.
It is a scroll of enchant armour.
Your +1 cloak of stealth glows green for a moment.
The gnoll shaman hits you with a +0 club.
The gnoll hits you from afar with a +0 halberd.
The gnoll hits you from afar with a +0 spear.
A gnoll comes into view. It is wielding a +0 flail.
You take 9 damage, and have 20/36 hp.
MASSIVE DAMAGE!!
As you read the scroll labelled YKHLATHR DOZXOSA, it crumbles to dust.
Your body is wracked with pain!
The gnoll convulses!
The gnoll shaman convulses!
The gnoll convulses!
The gnoll shaman convulses!
The gnoll convulses! x4; It was a scroll of torment.
The gnoll hits you from afar with a +0 halberd!
* * * LOW HITPOINT WARNING * * *
The gnoll shaman calls upon its god to heal the gnoll.
The gnoll's wounds heal themselves!
The gnoll hits you but does no damage.
The gnoll shaman hits you but does no damage.
The gnoll hits you from afar with a +0 halberd.
You die...
Your body crumbles into a pile of gold.

# #g# .# ## #g#
.##### #.#
.....# #.#
.###.# #g### .#
#...# # .# ##
######.#.# [#
##..g##.ggg..g.#
..
.).ggg.@####.###
.# ##[..#### #.#
.# ##< #.# .#
#.# ## ..# ..
### ## #


You could see 2 gnoll shamans and 6 gnolls.

Vanquished Creatures
  Sigmund (D:4)
  A black bear (D:5)
  A sky beast (D:5)
  An ogre (D:5)
  4 scorpions
  A wight (D:4)
  A centaur skeleton (D:3)
  A hound (D:5)
  Crazy Yiuf (D:2)
  An iguana (D:4)
  A hound skeleton (D:4)
  2 gnolls
  5 adders
  2 white imps (D:5)
  An ufetubus (D:5)
  3 worms
  5 orcs
  7 ball pythons
  A bat (D:1)
  4 endoplasms
  6 giant cockroaches
  11 goblins
  6 hobgoblins
  14 jackals
  5 quokkas
  3 frilled lizards
  4 kobolds
  6 rats
99 creatures vanquished.

Vanquished Creatures (others)
  322 foxfires
  5 plants (D:2)
327 creatures vanquished.

Grand Total: 426 creatures vanquished

Notes
Turn   | Place    | Note
-------+----------+-------------------------------------------
     0 | D:1      | gimp the Vine Stalker Wanderer began the quest for the Orb.
     0 | D:1      | gimp set off with the following items: a +0 club, a +0 ring
                  | mail; and the following spell memorised: Foxfire; and the
                  | following spells available to memorise: Scorch, Wereblood,
                  | Passwall, Flame Wave
     0 | D:1      | Reached XP level 1. HP: 9/9 MP: 3/3
   118 | D:1      | Reached XP level 2. HP: 7/13 MP: 0/4
  1037 | D:1      | Reached XP level 3. HP: 16/16 MP: 1/5
  1040 | D:1      | Learned a level 2 spell: Scorch
  1098 | D:1      | Found a faded altar of an unknown god.
  1795 | D:2      | Reached skill level 1 in Conjurations
  2182 | D:2      | Gained mutation: Your natural rate of healing is unusually
                  | fast. [Vine Stalker growth]
  2182 | D:2      | Reached XP level 4. HP: 21/21 MP: 4/7
  2318 | D:2      | Found a runed translucent door.
  2319 | D:2      | Noticed Crazy Yiuf
  2337 | D:2      | Killed Crazy Yiuf
  2797 | D:2      | Found Sitoneb's Armour Emporium.
  3160 | D:3      | Reached XP level 5. HP: 24/24 MP: 3/8
  3622 | D:3      | Found a sparkling altar of Nemelex Xobeh.
  3892 | D:3      | Found an opulent altar of Gozag.
  3912 | D:3      | Became a worshipper of Gozag Ym Sagoz the Greedy
  3985 | D:3      | Reached XP level 6. HP: 11/28 MP: 1/10
  4015 | D:3      | Learned a level 1 spell: Magic Dart
  4019 | D:3      | Learned a level 3 spell: Mephitic Cloud
  4277 | D:4      | Found a runed translucent gate.
  4277 | D:4      | Found a runed translucent gate.
  4277 | D:4      | Found a runed translucent gate.
  4287 | D:4      | Noticed Clumpoid's ghost (amateur VSFi)
  4299 | D:4      | Found a broken altar of Ashenzari.
  4535 | D:4      | Reached XP level 7. HP: 32/32 MP: 8/12
  4587 | D:4      | Noticed Sigmund
  4595 | D:4      | Killed Sigmund
  4600 | D:4      | Reached skill level 5 in Fire Magic
  5019 | D:5      | Entered Level 5 of the Dungeon
  5181 | D:5      | Reached skill level 5 in Conjurations
  5181 | D:5      | Gained mutation: You have razor-sharp teeth. [Vine Stalker
                  | growth]
  5181 | D:5      | Reached XP level 8. HP: 35/36 MP: 8/14
  5467 | D:5      | Slain by a gnoll

Illustrated notes

Levels and vault maps discovered:
D:1:      dpeg_arrival_brainrot, layout_rooms,
          hellmonk_ecumenical_altar_pennies_from_heaven, grunt_decor_one_mirror,
          minmay_3d_cube
D:2:      layout_basic, serial_shops, shop_coins, serial_bayou_crossing,
          uniq_crazy_yiuf_cottage
D:3:      layout_rooms, grunt_gozag_breadcrumbs,
          mainiacjoe_overflow_small_starburst
D:4:      layout_cave_pools, ashenzari_altar_1, gammafunk_ghost_nasty_kobolds,
          kennysheep_generic_room_7, uniq_sigmund
D:5:      layout_loops_ring, xom_teletrap_fun, grunt_temple_overflow_cloverleaf,
          minmay_temple_entry_gardened_gates

Skill      XL: |  1  2  3  4  5  6  7 |
---------------+----------------------+-----
Armour         | 4 |  4.0
Conjurations   | 1 2 3 5 |  5.3
Fire Magic     | 3 4 5 |  5.9
Spellcasting   | 2 3 |  3.9
Dodging        | |  1.0
Transmutations | |  2.0

Action                   |  1- 3 |  4- 6 |  7- 9 || total
-------------------------+-------+-------+-------++-------
Melee: Dagger            |    48 |    60 |    37 ||   145
       Bite              |     8 |    16 |     5 ||    29
 Cast: Foxfire           |    54 |    94 |    33 ||   181
  Use: Scroll            |       |     2 |     6 ||     8
       Potion            |       |     1 |       ||     1
Armor: Ring mail         |    40 |     8 |       ||    48
       Leather armour    |       |    25 |       ||    25
       Robe              |       |       |    29 ||    29
Dodge: Dodged            |    37 |    68 |    29 ||   134

Table legend: (Time is in decaauts)
 A = Elapsed time spent in this place.
 B = Non-inter-level travel time spent in this place.
 C = Inter-level travel time spent in this place.
 D = Time resting spent in this place.
 E = Time spent auto-exploring this place.
 F = Levels seen in this place.
 G = Mean time per level.
                   A        B        C        D        E       F      G
               +--------+--------+--------+--------+--------+-----+--------+
         Total |   5489 |   5292 |    197 |    120 |   4008 |   5 | 1097.8 |
       Dungeon |   5489 |   5292 |    197 |    120 |   4008 |   5 | 1097.8 |
               +--------+--------+--------+--------+--------+-----+--------+

Top non-repeatable levels by time:
     D:2: 1608 daAuts
     D:1: 1588 daAuts
     D:4: 966 daAuts
     D:3: 877 daAuts
     D:5: 447 daAuts
